 Dungeon Crawl Stone Soup version 0.13-a0-2995-g9a84c3d (webtiles) character file.

260 Misa the Covered (level 5, -1/41 HPs)
             Began as a Djinni Fighter on Sept 8, 2013.
             Was an Initiate of Okawaru.
             Slain by an iguana (12 damage)
             ... on Level 4 of the Dungeon.
             The game lasted 00:07:30 (2088 turns).

Misa the Covered (Djinni Fighter)                   Turns: 2088, Time: 00:07:30

HP  -1/41        AC  7     Str 18      XL: 5   Next:  8%
MP   0/0         EV  6     Int  8      God: Okawaru [......]
Gold 113         SH 18     Dex 12      Spells:  0 memorised,  4 levels left

Res.Fire  : + + +   See Invis. : .   q - -1,-2 orc trident
Res.Cold  : x . .   Warding    : .   b - +0 scale mail
Life Prot.: + + +   Conserve   : .   c - +0 shield (curse)
Res.Poison: .       Res.Corr.  : .   (no helmet)
Res.Elec. : .       Clarity    : .   (no cloak)
Sust.Abil.: . .     Spirit.Shd : .   (no gloves)
Res.Mut.  : .       Rnd.Telep. : +   (boots unavailable)
Res.Rott. : .       Flight     : .   (no amulet)
Saprovore : . . .                    (no ring)
                                     h - cursed ring of teleportation

@: slightly resistant to hostile enchantments, extremely unstealthy
A: fire immunity, cold vulnerability, life protection 3
a: Renounce Religion, Evoke Teleportation


You were on level 4 of the Dungeon.
You worshipped Okawaru.
Okawaru was pleased with you.
You were not hungry.

You visited 1 branch of the dungeon, and saw 4 of its levels.

You collected 93 gold pieces.

Inventory:

Hand weapons
 a - a +0,+0 mace
 g - a +2,+2 short sword of venom
 q - a -1,-2 orcish trident (weapon)
Missiles
 j - 20 poisoned needles
Armour
 b - a +0 scale mail (worn)
 c - a cursed +0 shield (worn)
Scrolls
 f - 2 scrolls of enchant weapon I
 k - 2 scrolls of identify
Jewellery
 h - a cursed ring of teleportation (left hand)
Potions
 d - a potion of magic {unknown}
 e - 2 potions of heal wounds {unknown}
 i - 2 potions of curing {unknown}
 l - a potion of slowing {unknown}
 o - a potion of invisibility {unknown}
 p - a potion of berserk rage {unknown}


   Skills:
 + Level 3.3 Fighting
 + Level 3.0 Maces & Flails
 + Level 4.4 Armour
 + Level 3.8 Shields


You had 4 spell levels left.
You didn't know any spells.

Dungeon Overview and Level Annotations

Branches:
Dungeon (4/27)
 Temple: D:4-7

Altars:
Okawaru

Annotations:
D:4 Eustachio


Innate Abilities, Weirdness & Mutations

You are immune to all types of fire, even holy and hellish.
You are vulnerable to cold.
You need no food.
You have no legs.
You are immune to negative energy.


Message History

Aim: an iguana (purple smoke, moderately wounded)
Okay, then.
Your shield and scale mail prevent you from hitting the iguana.
The iguana is moderately wounded.
Eustachio growls, "To hell with you, honour-less miscreant!"
The iguana bites you.
You closely miss the iguana.
The iguana is moderately wounded.
The ufetubus disappears in a puff of smoke!
The iguana bites you!
Eustachio mumbles some strange words.
You hit the iguana but do no damage.
The iguana is moderately wounded.
The iguana bites you but does no damage.
The iguana bites you.
* * * LOW HITPOINT WARNING * * *
You closely miss the iguana.
The iguana is moderately wounded.
The iguana bites you!
You die...

#########
#######.......#
#.......#####.#
#@####### #.#
###l### #.#
#.r@..# #.#
#b###.# #.# ...
.# ##.# ###. #
#..# #. #.## ..
########.### ..
........(...#


You could see Eustachio, an iguana, a green rat and a bat.

Vanquished Creatures
  A crimson imp (D:3)
  Ijyb (D:4)
  2 adders (D:2)
  A worm (D:3)
  2 giant geckos
  An ooze (D:1)
  3 orcs
  7 bats
  A bat skeleton (D:4)
  4 giant cockroaches
  9 hobgoblins
  2 jackals (D:2)
  8 kobolds
  A quokka (D:4)
  4 training dummies (D:2)
  A ball python (D:3)
  4 giant newts
  7 goblins
  5 rats (D:2)
64 creatures vanquished.

Notes
Turn   | Place    | Note
--------------------------------------------------------------
     0 | D:1      | Misa, the Djinni Fighter, began the quest for the Orb.
     0 | D:1      | Reached XP level 1. HP: 16/16 MP: 0/0
   397 | D:1      | Reached XP level 2. EP: 15/22
   884 | D:2      | Reached skill level 4 in Armour
   952 | D:2      | Reached XP level 3. EP: 29/29
  1116 | D:2      | Found an iron altar of Okawaru.
  1120 | D:2      | Became a worshipper of Warmaster Okawaru
  1606 | D:3      | Reached XP level 4. EP: 31/35
  1952 | D:4      | Noticed Ijyb
  2022 | D:4      | Killed Ijyb
  2022 | D:4      | Reached XP level 5. EP: 28/41
  2070 | D:4      | Noticed Eustachio
  2088 | D:4      | Slain by an iguana

Action                   |  1- 3 |  4- 6 || total
-------------------------+-------+-------++-------
Melee: Mace              |    22 |       ||    22
       Short sword       |   115 |   123 ||   238
       Trident           |       |    74 ||    74
  Use: Scroll            |     4 |     3 ||     7
